[Event "11th LCC FIDE Open 2019"]
[Site "London"]
[Date "2019.12.04"]
[Round "7.46"]
[White "Orgler, Philipp"]
[Black "Grey, Nicholas D"]
[Result "1-0"]
[ECO "B08"]
[WhiteElo "2047"]
[BlackElo "1692"]
[Annotator "NA"]
[PlyCount "73"]
[EventDate "2019.11.29"]
[EventType "swiss"]
[EventCountry "ENG"]
[SourceTitle "playchess.com"]
[Source "ChessBase"]
[SourceQuality "1"]
[TimeControl "40/5400+30:1800+30"]

1. e4 d6 2. d4 Nf6 3. Nc3 g6 4. Nf3 Bg7 5. Bf4 O-O 6. Qd2 c6 7. Bh6 b5 8. Bd3 Bg4 9. Bxg7 Kxg7 10. Qe3 Qc7 11. O-O Nbd7 12. e5 Nd5 13. Nxd5 cxd5 14. Bxb5 Bxf3 15. exd6 Qxd6 16. Qxf3 Nf6 17. b3 Qb6 18. Qd3 a6 19. Ba4 Rac8 20. c4 dxc4 21. bxc4 Rfd8 22. Rfd1 Qc7 23. Rac1 Ng4 24. Qg3 Qxg3 25. hxg3 e5 26. d5 Nf6 27. Re1 Rc5 28. Bc6 Rd6 29. f3 Ng8 30. Ba4 Ne7 31. Kf2 f6 32. f4 g5 33. fxe5 fxe5 34. Rxe5 Nxd5 35. Rd1 Nc3 36. Rxc5 Rxd1 37. Rc7+ 1-0

[Event "11th LCC FIDE Open 2019"]
[Site "London"]
[Date "2019.12.04"]
[Round "7.47"]
[White "Johnson, Daniel"]
[Black "Finn, Peter"]
[Result "1/2-1/2"]
[ECO "E33"]
[WhiteElo "2186"]
[BlackElo "1895"]
[Annotator "NA"]
[PlyCount "53"]
[EventDate "2019.11.29"]
[EventType "swiss"]
[EventCountry "ENG"]
[SourceTitle "playchess.com"]
[Source "ChessBase"]
[SourceQuality "1"]
[TimeControl "40/5400+30:1800+30"]

1. d4 Nf6 2. c4 e6 3. Nc3 Bb4 4. Qc2 Nc6 5. Nf3 d6 6. g3 e5 7. dxe5 dxe5 8. Bg2 e4 9. Nd2 Nd4 10. Qd1 Bg4 11. h3 Bh5 12. g4 Bg6 13. Nf1 O-O 14. Bd2 Qe7 15. Ne3 Rfd8 16. g5 Nh5 17. Ned5 Qe5 18. Nxb4 Nf3+ 19. exf3 exf3+ 20. Kf1 fxg2+ 21. Kxg2 Be4+ 22. Nxe4 Qxe4+ 23. f3 Nf4+ 24. Kg3 Nh5+ 25. Kg2 Nf4+ 26. Kg3 Nh5+ 27. Kg2 1/2-1/2

[Event "11th LCC FIDE Open 2019"]
[Site "London"]
[Date "2019.12.04"]
[Round "7.50"]
[White "Coote, Trevor D"]
[Black "Lohia, Sohum"]
[Result "1/2-1/2"]
[ECO "E62"]
[WhiteElo "2075"]
[BlackElo "1889"]
[Annotator "NA"]
[PlyCount "68"]
[EventDate "2019.11.29"]
[EventType "swiss"]
[EventCountry "ENG"]
[SourceTitle "playchess.com"]
[Source "ChessBase"]
[SourceQuality "1"]
[TimeControl "40/5400+30:1800+30"]

1. g3 Nf6 2. Bg2 g6 3. Nf3 Bg7 4. O-O O-O 5. d4 d6 6. c4 c6 7. Nc3 Qa5 8. e4 Bg4 9. h3 Bxf3 10. Bxf3 Nfd7 11. Be3 Qb4 12. Qd3 Nb6 13. Be2 N8d7 14. b3 c5 15. a3 Qxb3 16. Rab1 Qxc4 17. Qxc4 Nxc4 18. Bxc4 cxd4 19. Nd5 dxe3 20. Rxb7 Ne5 21. Nxe7+ Kh8 22. Be2 Rab8 23. Rfb1 exf2+ 24. Kxf2 Rxb7 25. Rxb7 a5 26. Rb6 Nc4 27. Rb5 Nxa3 28. Rxa5 Nb1 29. Bd3 Nc3 30. Nd5 Nxd5 31. Rxd5 Be5 32. Rb5 Ra8 33. Bc4 Ra7 34. g4 Kg7 1/2-1/2

[Event "11th LCC FIDE Open 2019"]
[Site "London"]
[Date "2019.12.05"]
[Round "8.2"]
[White "Smirnov, Anton"]
[Black "Gordon, Stephen J"]
[Result "1-0"]
[ECO "B33"]
[WhiteElo "2573"]
[BlackElo "2505"]
[Annotator "RC"]
[PlyCount "91"]
[EventDate "2019.11.29"]
[EventType "swiss"]
[EventCountry "ENG"]
[SourceTitle "playchess.com"]
[Source "ChessBase"]
[SourceQuality "1"]
[TimeControl "40/5400+30:1800+30"]

1. e4 c5 2. Nf3 Nc6 3. d4 cxd4 4. Nxd4 Nf6 5. Nc3 e5 6. Ndb5 d6 7. Bg5 a6 8. Na3 b5 9. Nd5 Be7 10. Bxf6 Bxf6 11. c4 b4 12. Nc2 O-O 13. h4 a5 14. g3 Be6 15. Bg2 g6 16. Nxf6+ Qxf6 17. b3 Rfd8 18. Qd2 h5 19. O-O Kg7 20. Rae1 Rab8 21. Re3 Rd7 22. Rd3 Rbd8 23. f4 exf4 24. gxf4 Bg4 25. Qf2 a4 26. Ne3 axb3 27. axb3 Ne7 28. Re1 Qe6 29. Nc2 Rb8 30. Ra1 Nc8 31. Ra6 Qe7 32. Nd4 Rbb7 33. Ra8 Rbc7 34. Nc2 Rc5 35. Nxb4 Ra7 36. Nd5 Qb7 37. Rxa7 Qxa7 38. Qd4+ Kg8 39. Kh2 Ra5 40. Qxa7 Rxa7 41. e5 Bf5 42. Rd2 dxe5 43. fxe5 Ra1 44. Bh3 Bxh3 45. Kxh3 Re1 46. Ra2 1-0

[Event "11th LCC FIDE Open 2019"]
[Site "London"]
[Date "2019.12.05"]
[Round "8.3"]
[White "Arkell, Keith C"]
[Black "Gormally, Daniel W"]
[Result "1/2-1/2"]
[ECO "A24"]
[WhiteElo "2445"]
[BlackElo "2491"]
[Annotator "ChessBase"]
[PlyCount "48"]
[EventDate "2019.11.29"]
[EventType "swiss"]
[EventCountry "ENG"]
[SourceTitle "playchess.com"]
[Source "ChessBase"]
[SourceQuality "1"]
[TimeControl "40/5400+30:1800+30"]

1. Nf3 Nf6 2. c4 g6 3. Nc3 Bg7 4. g3 O-O 5. Bg2 d6 6. O-O Nbd7 7. d3 c6 8. e4 e5 9. Be3 Re8 10. h3 d5 11. cxd5 cxd5 12. exd5 Nb6 13. Bxb6 Qxb6 14. Qb3 e4 15. Qxb6 axb6 16. dxe4 Nxe4 17. Rfe1 Bf5 18. Nxe4 Bxe4 19. Rad1 Bxb2 20. Re2 Bc3 21. Nd4 Bxd4 22. Rxe4 Rxe4 23. Bxe4 Ra4 24. Bc2 Rxa2 1/2-1/2

[Event "11th LCC FIDE Open 2019"]
[Site "London"]
[Date "2019.12.05"]
[Round "8.4"]
[White "Song, Raymond"]
[Black "Vaishali R"]
[Result "1/2-1/2"]
[ECO "C54"]
[WhiteElo "2468"]
[BlackElo "2376"]
[Annotator "ChessBase"]
[PlyCount "170"]
[EventDate "2019.11.29"]
[EventType "swiss"]
[EventCountry "ENG"]
[SourceTitle "playchess.com"]
[Source "ChessBase"]
[SourceQuality "1"]
[TimeControl "40/5400+30:1800+30"]

1. e4 e5 2. Nf3 Nc6 3. Bc4 Nf6 4. d3 Bc5 5. O-O d6 6. c3 h6 7. Re1 a6 8. a4 Ba7 9. Na3 O-O 10. h3 Be6 11. b4 Ne7 12. Bxe6 fxe6 13. Nc2 Ng6 14. Be3 Bxe3 15. Nxe3 Rf7 16. g3 d5 17. Nd2 Qd7 18. Nb3 dxe4 19. Nc5 Qc6 20. Ng4 exd3 21. Qxd3 Nxg4 22. hxg4 Nf8 23. g5 hxg5 24. Rxe5 b6 25. Ne4 g4 26. Ng5 Rd7 27. Qe4 Qxc3 28. Re1 Rad8 29. Qf4 Ng6 30. Qxg4 Qxe5 31. Rxe5 Nxe5 32. Qxe6+ Nf7 33. Nf3 Rd6 34. Qc4 Rf6 35. Kg2 c5 36. bxc5 bxc5 37. Qxc5 Rd3 38. Ng5 Nxg5 39. Qc4+ Nf7 40. Qxd3 g5 41. Qd4 Rd6 42. Qg4 Kf8 43. Qf5 Kg7 44. f4 gxf4 45. gxf4 Rf6 46. Qe4 Kg8 47. Kg3 Kg7 48. Qd4 Kg6 49. Kf3 Rd6 50. Qb2 Rd3+ 51. Ke4 Rd6 52. f5+ Kh7 53. Kf4 Rh6 54. f6 Kg6 55. Kg4 a5 56. Qb5 Kxf6 57. Qxa5 Ne5+ 58. Kg3 Rg6+ 59. Kf2 Ke6 60. Qb6+ Kd7 61. Qb7+ Kd6 62. a5 Rf6+ 63. Ke2 Nc6 64. a6 Re6+ 65. Kd2 Re7 66. Qb6 Rc7 67. Kc3 Kd7 68. Kd3 Kc8 69. Ke4 Re7+ 70. Kd5 Rd7+ 71. Kc5 Rc7 72. Qb2 Na7+ 73. Kb6 Kb8 74. Qh2 Nc8+ 75. Ka5 Na7 76. Qb2+ Ka8 77. Qb6 Rd7 78. Ka4 Nc8 79. Qc6+ Kb8 80. Qh1 Ka7 81. Qh6 Rd6 82. Qf8 Rxa6+ 83. Kb4 Rb6+ 84. Kc5 Kb8 85. Qe8 Kb7 1/2-1/2

[Event "11th LCC FIDE Open 2019"]
[Site "London"]
[Date "2019.12.05"]
[Round "8.5"]
[White "Maze, Sebastien"]
[Black "Flear, Glenn C"]
[Result "1-0"]
[ECO "C77"]
[WhiteElo "2541"]
[BlackElo "2463"]
[Annotator "RC"]
[PlyCount "99"]
[EventDate "2019.11.29"]
[EventType "swiss"]
[EventCountry "ENG"]
[SourceTitle "playchess.com"]
[Source "ChessBase"]
[SourceQuality "1"]
[TimeControl "40/5400+30:1800+30"]

1. e4 e5 2. Nf3 Nc6 3. Bb5 a6 4. Ba4 Nf6 5. Nc3 b5 6. Bb3 Be7 7. a4 b4 8. Nd5 Na5 9. Ba2 Nxd5 10. Bxd5 c6 11. Ba2 d6 12. d4 Qc7 13. Be3 O-O 14. dxe5 dxe5 15. Nd2 Nb7 16. Qe2 Bc5 17. Bc4 a5 18. Nb3 Bxe3 19. Qxe3 Nd6 20. Be2 f5 21. exf5 Bxf5 22. O-O-O Be6 23. Qxe5 Bd5 24. Bf3 Bxf3 25. gxf3 Ne8 26. Qxc7 Nxc7 27. Rd6 Rxf3 28. Rxc6 Nd5 29. Rd1 Nf6 30. Rc5 Rxf2 31. Rxa5 Re8 32. h4 Rh2 33. Rb5 Rxh4 34. a5 Ra8 35. Nc5 h5 36. a6 Rg4 37. Rb7 Rc4 38. Ne6 Rc6 39. Nc7 Rxc7 40. Rxc7 Rxa6 41. Rd4 Kh7 42. c4 bxc3 43. b4 Rb6 44. Rc5 g6 45. b5 Ng4 46. Rb4 Kh6 47. Rc6 Rb7 48. b6 Ne5 49. Rxc3 Nd7 50. Rc6 1-0

[Event "11th LCC FIDE Open 2019"]
[Site "London"]
[Date "2019.12.05"]
[Round "8.7"]
[White "Grover, Sahaj"]
[Black "Wu, Li"]
[Result "1-0"]
[ECO "D41"]
[WhiteElo "2508"]
[BlackElo "2293"]
[Annotator "ChessBase"]
[PlyCount "55"]
[EventDate "2019.11.29"]
[EventType "swiss"]
[EventCountry "ENG"]
[SourceTitle "playchess.com"]
[Source "ChessBase"]
[SourceQuality "1"]
[TimeControl "40/5400+30:1800+30"]

1. d4 Nf6 2. c4 e6 3. Nc3 d5 4. cxd5 Nxd5 5. Nf3 c5 6. e3 cxd4 7. exd4 Nxc3 8. bxc3 Qc7 9. Bd2 Nd7 10. Bd3 Bd6 11. O-O h6 12. Re1 b6 13. d5 e5 14. Nd4 Nc5 15. Nb5 Qb8 16. Bc2 O-O 17. Qh5 e4 18. Bxe4 Bf4 19. Bxf4 Qxf4 20. Qf3 Qxf3 21. Bxf3 Ba6 22. Nc7 Rac8 23. Nxa6 Nxa6 24. Re7 Rc7 25. Rae1 Rd8 26. h4 Kf8 27. d6 Rxc3 28. Bd5 1-0

[Event "11th LCC FIDE Open 2019"]
[Site "London"]
[Date "2019.12.05"]
[Round "8.8"]
[White "Petrov, Martin"]
[Black "Royal, Shreyas"]
[Result "1-0"]
[ECO "C50"]
[WhiteElo "2497"]
[BlackElo "1941"]
[Annotator "ChessBase"]
[PlyCount "67"]
[EventDate "2019.11.29"]
[EventType "swiss"]
[EventCountry "ENG"]
[SourceTitle "playchess.com"]
[Source "ChessBase"]
[SourceQuality "1"]
[TimeControl "40/5400+30:1800+30"]

1. e4 e5 2. Nf3 Nc6 3. Bc4 Bc5 4. O-O Nf6 5. d3 O-O 6. Re1 Ng4 7. Re2 Kh8 8. h3 f5 9. exf5 d5 10. hxg4 dxc4 11. Nc3 h5 12. Bg5 Be7 13. Bxe7 Qxe7 14. d4 hxg4 15. Nxe5 Nxe5 16. Rxe5 Qh4 17. g3 Qh3 18. f6 Rxf6 19. Re8+ Kh7 20. Qf1 Qxf1+ 21. Kxf1 b6 22. Rae1 Bb7 23. Rxa8 Bxa8 24. Re7 Bf3 25. Rxc7 Rh6 26. Ke1 Rh1+ 27. Kd2 Rf1 28. d5 Rxf2+ 29. Ke3 Rf1 30. d6 Re1+ 31. Kd4 Re8 32. d7 Rd8 33. Ke5 Kg8 34. Rc8 1-0

[Event "11th LCC FIDE Open 2019"]
[Site "London"]
[Date "2019.12.05"]
[Round "8.11"]
[White "Sowray, Peter J"]
[Black "Merry, Alan B"]
[Result "0-1"]
[ECO "E46"]
[WhiteElo "2316"]
[BlackElo "2426"]
[Annotator "NA RC"]
[PlyCount "70"]
[EventDate "2019.11.29"]
[EventType "swiss"]
[EventCountry "ENG"]
[SourceTitle "playchess.com"]
[Source "ChessBase"]
[SourceQuality "1"]
[TimeControl "40/5400+30:1800+30"]

1. d4 Nf6 2. c4 e6 3. Nc3 Bb4 4. e3 O-O 5. Nge2 Re8 6. a3 Bf8 7. Ng3 d5 8. Be2 b6 9. O-O Bb7 10. b4 c6 11. Bb2 Nbd7 12. Qb3 a5 13. e4 Nxe4 14. Ncxe4 dxe4 15. bxa5 Rxa5 16. Nxe4 c5 17. Qe3 Qa8 18. Bf3 cxd4 19. Bxd4 Ne5 20. Bxb6 Nxc4 21. Qd4 Ra4 22. Nc3 Bxf3 23. Nxa4 Bd5 24. Nc3 Nxb6 25. Qxb6 Bxg2 26. Rfb1 Bh1 27. Kf1 h5 28. Qe3 Rd8 29. Ke2 Bf3+ 30. Kf1 Qa6+ 31. Nb5 Qc6 32. Rb3 Bd1 33. Kg1 Bxb3 34. Nd4 Qc4 35. Nxb3 Rd3 0-1

[Event "11th LCC FIDE Open 2019"]
[Site "London"]
[Date "2019.12.05"]
[Round "8.12"]
[White "Fodor, Tamas Jr."]
[Black "Blackburn, Jonathan L B"]
[Result "1-0"]
[ECO "A48"]
[WhiteElo "2533"]
[BlackElo "2240"]
[Annotator "ChessBase"]
[PlyCount "55"]
[EventDate "2019.11.29"]
[EventType "swiss"]
[EventCountry "ENG"]
[SourceTitle "playchess.com"]
[Source "ChessBase"]
[SourceQuality "1"]
[TimeControl "40/5400+30:1800+30"]

1. d4 d6 2. Nf3 Nf6 3. Bf4 g6 4. h3 Bg7 5. c3 O-O 6. e3 c5 7. Nbd2 Be6 8. Be2 Qb6 9. Qc1 Nc6 10. dxc5 Qxc5 11. e4 d5 12. Ng5 Nxe4 13. Ndxe4 dxe4 14. Nxe6 fxe6 15. Be3 Qd5 16. O-O Ne5 17. Rd1 Qc6 18. Qc2 Nc4 19. Bxc4 Qxc4 20. Rd7 Rad8 21. Rxb7 Rd3 22. Qb3 Qc6 23. Rxe7 Rd6 24. Rxa7 Rfd8 25. g3 Be5 26. Qb7 Qxb7 27. Rxb7 Rd3 28. Re1 1-0

[Event "11th LCC FIDE Open 2019"]
[Site "London"]
[Date "2019.12.05"]
[Round "8.13"]
[White "Hebden, Mark L"]
[Black "Hill, Alistair"]
[Result "1-0"]
[ECO "D00"]
[WhiteElo "2436"]
[BlackElo "2193"]
[Annotator "NA"]
[PlyCount "61"]
[EventDate "2019.11.29"]
[EventType "swiss"]
[EventCountry "ENG"]
[SourceTitle "playchess.com"]
[Source "ChessBase"]
[SourceQuality "1"]
[TimeControl "40/5400+30:1800+30"]

1. d4 Nf6 2. Nc3 d5 3. Bf4 Bf5 4. e3 e6 5. a3 a6 6. Nf3 c5 7. Ne5 h6 8. g4 Bh7 9. h4 Nfd7 10. Bd3 Nxe5 11. dxe5 Bxd3 12. Qxd3 Be7 13. h5 Nc6 14. Bg3 b5 15. Ne2 Qb6 16. c3 Rd8 17. b4 Rc8 18. O-O O-O 19. f4 f5 20. exf6 Bxf6 21. Bf2 cxb4 22. axb4 Nxb4 23. cxb4 Bxa1 24. Rxa1 Rc4 25. Rb1 Qc6 26. Nd4 Qc8 27. Nf3 d4 28. Nxd4 Rd8 29. Qe4 e5 30. fxe5 Rf8 31. e6 1-0

[Event "11th LCC FIDE Open 2019"]
[Site "London"]
[Date "2019.12.05"]
[Round "8.15"]
[White "Van Zyl-Rudd, Jack"]
[Black "Gschnitzer, Adrian"]
[Result "0-1"]
[ECO "A57"]
[WhiteElo "2290"]
[BlackElo "2422"]
[Annotator "NA"]
[PlyCount "62"]
[EventDate "2019.11.29"]
[EventType "swiss"]
[EventCountry "ENG"]
[SourceTitle "playchess.com"]
[Source "ChessBase"]
[SourceQuality "1"]
[TimeControl "40/5400+30:1800+30"]

1. d4 Nf6 2. c4 c5 3. d5 b5 4. cxb5 a6 5. e3 g6 6. Nc3 Bg7 7. e4 O-O 8. a4 Bb7 9. Nf3 e6 10. Be2 axb5 11. Bxb5 exd5 12. exd5 Qe8+ 13. Qe2 Nxd5 14. Nxd5 Bxd5 15. Be3 Nc6 16. Bxc5 Bxb2 17. Rd1 Bb3 18. Rb1 Bxa4 19. Bxa4 Rxa4 20. Bxf8 Re4 21. Rxb2 Kxf8 22. Kf1 Rxe2 23. Rxe2 Qa8 24. h4 Qa6 25. Rh3 h5 26. Ke1 Qa1+ 27. Kd2 Nb4 28. Ne5 Qb2+ 29. Kd1 Qb1+ 30. Kd2 Qc2+ 31. Ke3 Nd5+ 0-1

[Event "11th LCC FIDE Open 2019"]
[Site "London"]
[Date "2019.12.05"]
[Round "8.16"]
[White "Taylor, Adam C"]
[Black "Villiers, Thomas"]
[Result "0-1"]
[ECO "A36"]
[WhiteElo "2371"]
[BlackElo "2145"]
[Annotator "NA RC"]
[PlyCount "96"]
[EventDate "2019.11.29"]
[EventType "swiss"]
[EventCountry "ENG"]
[SourceTitle "playchess.com"]
[Source "ChessBase"]
[SourceQuality "1"]
[TimeControl "40/5400+30:1800+30"]

1. c4 g6 2. g3 Bg7 3. Bg2 c5 4. e3 Nc6 5. Ne2 Nf6 6. Nbc3 O-O 7. O-O d6 8. b3 Bf5 9. d3 Qc8 10. Re1 Ne5 11. Nf4 g5 12. Nfd5 Nxd5 13. Nxd5 Re8 14. e4 Bg4 15. Qd2 Nf3+ 16. Bxf3 Bxf3 17. Qxg5 h6 18. Qf4 Bxa1 19. Qxf3 Bg7 20. Qh5 e6 21. Ne3 f5 22. Rd1 Rf8 23. exf5 exf5 24. Nd5 Qe8 25. Qf3 Qf7 26. Bf4 Rad8 27. Kh1 Rfe8 28. Rg1 Kh7 29. Be3 Be5 30. g4 Rg8 31. g5 Rg6 32. h4 f4 33. Qe4 fxe3 34. f4 Kh8 35. fxe5 hxg5 36. Qxe3 Re8 37. d4 cxd4 38. Qxd4 Qf3+ 39. Kh2 dxe5 40. Qc5 Rh6 41. Rg2 Rxh4+ 42. Kg1 Qd1+ 43. Kf2 Qd2+ 44. Kg3 Rg4+ 45. Kxg4 Qxg2+ 46. Kf5 Qf3+ 47. Kg6 Rg8+ 48. Kh6 Qh1# 0-1

[Event "11th LCC FIDE Open 2019"]
[Site "London"]
[Date "2019.12.05"]
[Round "8.17"]
[White "Beinoras, Mindaugas"]
[Black "Russell, Christopher"]
[Result "1-0"]
[ECO "E20"]
[WhiteElo "2350"]
[BlackElo "2190"]
[Annotator "NA"]
[PlyCount "47"]
[EventDate "2019.11.29"]
[EventType "swiss"]
[EventCountry "ENG"]
[SourceTitle "playchess.com"]
[Source "ChessBase"]
[SourceQuality "1"]
[TimeControl "40/5400+30:1800+30"]

1. d4 e6 2. c4 Nf6 3. Nc3 Bb4 4. f3 c5 5. d5 b5 6. Nh3 bxc4 7. e4 O-O 8. Bxc4 exd5 9. Bxd5 Nxd5 10. Qxd5 Ba6 11. Be3 Qb6 12. Kf2 Bxc3 13. bxc3 Qb2+ 14. Kg3 Nc6 15. Bxc5 Qxc3 16. Bxf8 Rxf8 17. Rac1 Qf6 18. Rhd1 Re8 19. Qxd7 Qe5+ 20. f4 Qxe4 21. Qxc6 Qe2 22. Ng1 Re3+ 23. Nf3 g5 24. fxg5 1-0

[Event "11th LCC FIDE Open 2019"]
[Site "London"]
[Date "2019.12.05"]
[Round "8.18"]
[White "Bates, Richard A"]
[Black "Yoon, Jacob D"]
[Result "1-0"]
[ECO "A40"]
[WhiteElo "2342"]
[BlackElo "2037"]
[Annotator "NA RC"]
[PlyCount "53"]
[EventDate "2019.11.29"]
[EventType "swiss"]
[EventCountry "ENG"]
[SourceTitle "playchess.com"]
[Source "ChessBase"]
[SourceQuality "1"]
[TimeControl "40/5400+30:1800+30"]

1. d4 e6 2. c4 b6 3. a3 Bb7 4. Nc3 f5 5. d5 Nf6 6. e4 fxe4 7. g4 h6 8. Bg2 exd5 9. cxd5 Bc5 10. h4 O-O 11. Nh3 c6 12. d6 e3 13. Bxe3 Bxe3 14. fxe3 Nd5 15. Ne4 Qxh4+ 16. Nhf2 Qd8 17. g5 Rf7 18. Rh3 Na6 19. b4 Qe8 20. Ng4 Qe6 21. gxh6 Qg6 22. Ne5 Qf5 23. Nxf7 Qxf7 24. Rg3 Qe6 25. Rxg7+ Kh8 26. Qd4 c5 27. Rh7+ 1-0

[Event "11th LCC FIDE Open 2019"]
[Site "London"]
[Date "2019.12.05"]
[Round "8.19"]
[White "Bukojemski, Adam"]
[Black "Zujev, Oleg"]
[Result "0-1"]
[ECO "B11"]
[WhiteElo "2211"]
[BlackElo "2316"]
[Annotator "NA"]
[PlyCount "71"]
[EventDate "2019.11.29"]
[EventType "swiss"]
[EventCountry "ENG"]
[SourceTitle "playchess.com"]
[Source "ChessBase"]
[SourceQuality "1"]
[TimeControl "40/5400+30:1800+30"]

1. e4 c6 2. Nf3 d5 3. Nc3 Bg4 4. h3 Bxf3 5. Qxf3 e6 6. g3 d4 7. Ne2 Nd7 8. Bg2 Qb6 9. Qb3 Qxb3 10. axb3 d3 11. Nc3 Nc5 12. b4 Na6 13. Na2 dxc2 14. d4 Nxb4 15. Ke2 Nf6 16. Be3 Nxa2 17. Rxa2 Be7 18. g4 h6 19. b3 O-O 20. Rxc2 Rfd8 21. f4 Rd7 22. Bf3 Ne8 23. h4 Nc7 24. g5 Nb5 25. gxh6 gxh6 26. Kd3 Nxd4 27. Bxd4 Rad8 28. Rg2+ Kf8 29. Kc2 Rxd4 30. Rhg1 Bf6 31. e5 Bxh4 32. Rg8+ Ke7 33. R8g4 Bf2 34. Rh1 Rd2+ 35. Kb1 R8d3 36. Be4 0-1

[Event "11th LCC FIDE Open 2019"]
[Site "London"]
[Date "2019.12.05"]
[Round "8.20"]
[White "Abrahams, Daniel"]
[Black "Cox, John J"]
[Result "0-1"]
[ECO "A21"]
[WhiteElo "2185"]
[BlackElo "2306"]
[Annotator "NA"]
[PlyCount "54"]
[EventDate "2019.11.29"]
[EventType "swiss"]
[EventCountry "ENG"]
[SourceTitle "playchess.com"]
[Source "ChessBase"]
[SourceQuality "1"]
[TimeControl "40/5400+30:1800+30"]

1. Nf3 d6 2. c4 e5 3. d4 e4 4. Ng5 f5 5. Nc3 c6 6. Nh3 Na6 7. Nf4 Nf6 8. h4 Nc7 9. Qb3 Be7 10. e3 Rb8 11. Be2 Ne6 12. Nxe6 Bxe6 13. d5 Bf7 14. Qa4 Nd7 15. dxc6 bxc6 16. Qxc6 O-O 17. Nd5 Ne5 18. Nxe7+ Qxe7 19. Qa4 f4 20. Qc2 d5 21. cxd5 f3 22. gxf3 exf3 23. Bd3 Rbc8 24. Qb3 Qb4+ 25. Bd2 Qxb3 26. axb3 Nxd3+ 27. Kf1 Rc2 0-1

[Event "11th LCC FIDE Open 2019"]
[Site "London"]
[Date "2019.12.05"]
[Round "8.23"]
[White "Berry, Neil"]
[Black "Tanmay Chopra"]
[Result "1/2-1/2"]
[ECO "E12"]
[WhiteElo "2250"]
[BlackElo "2082"]
[Annotator "NA"]
[PlyCount "50"]
[EventDate "2019.11.29"]
[EventType "swiss"]
[EventCountry "ENG"]
[SourceTitle "playchess.com"]
[Source "ChessBase"]
[SourceQuality "1"]
[TimeControl "40/5400+30:1800+30"]

1. d4 Nf6 2. c4 e6 3. Nf3 b6 4. a3 Bb7 5. Nc3 d5 6. cxd5 Nxd5 7. Qc2 Be7 8. e4 Nxc3 9. bxc3 O-O 10. Bd3 c5 11. O-O Qc8 12. d5 c4 13. Be2 exd5 14. exd5 Bxd5 15. Rd1 Qb7 16. Bg5 Be4 17. Qd2 Na6 18. Bxe7 Qxe7 19. Qe3 Nc5 20. Bxc4 Qf6 21. Nd4 Rac8 22. a4 Bb7 23. Bb5 a6 24. Bd3 Rfe8 25. Qh3 Nxd3 1/2-1/2

[Event "11th LCC FIDE Open 2019"]
[Site "London"]
[Date "2019.12.05"]
[Round "8.24"]
[White "Seymour, Timothy P"]
[Black "Lee, Qing Aun"]
[Result "1/2-1/2"]
[ECO "D42"]
[WhiteElo "2107"]
[BlackElo "2228"]
[Annotator "NA"]
[PlyCount "57"]
[EventDate "2019.11.29"]
[EventType "swiss"]
[EventCountry "ENG"]
[SourceTitle "playchess.com"]
[Source "ChessBase"]
[SourceQuality "1"]
[TimeControl "40/5400+30:1800+30"]

1. c4 e6 2. Nf3 Nf6 3. e3 d5 4. Nc3 c5 5. cxd5 Nxd5 6. d4 cxd4 7. exd4 Nc6 8. Bd3 Be7 9. O-O O-O 10. Re1 Nxc3 11. bxc3 Bf6 12. h4 Bxh4 13. Nxh4 Qxh4 14. Re4 Qd8 15. Qh5 g6 16. Qh6 f5 17. Bg5 Qe8 18. Re3 Qf7 19. Rae1 Bd7 20. d5 Nd8 21. Bxd8 Raxd8 22. dxe6 Bxe6 23. Rxe6 Rxd3 24. Re7 Rd1 25. Qe3 Rxe1+ 26. Qxe1 Qd5 27. c4 Qxc4 28. Qa1 Rf7 29. Re8+ 1/2-1/2

[Event "11th LCC FIDE Open 2019"]
[Site "London"]
[Date "2019.12.05"]
[Round "8.25"]
[White "Willmoth, Robert F"]
[Black "Akots, Gabor"]
[Result "0-1"]
[ECO "D03"]
[WhiteElo "2108"]
[BlackElo "2221"]
[Annotator "NA"]
[PlyCount "54"]
[EventDate "2019.11.29"]
[EventType "swiss"]
[EventCountry "ENG"]
[SourceTitle "playchess.com"]
[Source "ChessBase"]
[SourceQuality "1"]
[TimeControl "40/5400+30:1800+30"]

1. d4 d5 2. Nf3 Nf6 3. Bg5 Ne4 4. Bh4 h5 5. Nfd2 g5 6. Nxe4 gxh4 7. Ned2 Nc6 8. e3 e5 9. dxe5 Nxe5 10. h3 Bf5 11. Nf3 Nxf3+ 12. gxf3 Bg7 13. c3 Qd7 14. Na3 a6 15. Qb3 O-O-O 16. O-O-O Rh6 17. e4 Rb6 18. Qc2 Bh6+ 19. Kb1 Qe7 20. exf5 Qxa3 21. Ka1 Qc5 22. Bd3 Bg7 23. Rc1 Bf6 24. Rhe1 Qa5 25. f4 c5 26. Qe2 Kb8 27. Qxh5 Rxb2 0-1

[Event "11th LCC FIDE Open 2019"]
[Site "London"]
[Date "2019.12.05"]
[Round "8.26"]
[White "Papadiamandis, Elliot"]
[Black "Wilks, Simon"]
[Result "1-0"]
[ECO "C03"]
[WhiteElo "2220"]
[BlackElo "2071"]
[Annotator "NA"]
[PlyCount "55"]
[EventDate "2019.11.29"]
[EventType "swiss"]
[EventCountry "ENG"]
[SourceTitle "playchess.com"]
[Source "ChessBase"]
[SourceQuality "1"]
[TimeControl "40/5400+30:1800+30"]

1. e4 e6 2. d4 d5 3. Nd2 a6 4. c3 c5 5. dxc5 Nf6 6. exd5 Qxd5 7. b4 a5 8. Ngf3 Nc6 9. Bc4 Qh5 10. Rb1 Bd7 11. O-O Be7 12. Re1 O-O 13. b5 Na7 14. Re5 Qg6 15. Rg5 Qh6 16. Nf1 Rfd8 17. Qe2 g6 18. c6 bxc6 19. b6 Qf8 20. bxa7 Rxa7 21. Ne5 Be8 22. Rg3 Nd5 23. Bxd5 cxd5 24. Be3 Raa8 25. Ng4 f6 26. Bh6 Qf7 27. Bg5 Kh8 28. Rf3 1-0

[Event "11th LCC FIDE Open 2019"]
[Site "London"]
[Date "2019.12.05"]
[Round "8.27"]
[White "Marusenko, Petr"]
[Black "Dong, Bao Nghia"]
[Result "0-1"]
[ECO "A58"]
[WhiteElo "2085"]
[BlackElo "2217"]
[Annotator "NA"]
[PlyCount "58"]
[EventDate "2019.11.29"]
[EventType "swiss"]
[EventCountry "ENG"]
[SourceTitle "playchess.com"]
[Source "ChessBase"]
[SourceQuality "1"]
[TimeControl "40/5400+30:1800+30"]

1. d4 Nf6 2. c4 c5 3. d5 b5 4. cxb5 a6 5. bxa6 Bxa6 6. g3 d6 7. Bg2 g6 8. b3 Bg7 9. Bb2 O-O 10. Nf3 Qa5+ 11. Bc3 Qb5 12. Nfd2 Qb7 13. O-O Nbd7 14. Nc4 Bxc4 15. bxc4 Nb6 16. a4 Nxc4 17. a5 Rfb8 18. Nd2 Qa6 19. Re1 Nxd2 20. Qxd2 Rb3 21. Rac1 Nd7 22. Bxg7 Kxg7 23. Ra1 Ne5 24. Ra4 Rab8 25. Bf1 Rb2 26. Qc1 c4 27. h3 R8b3 28. Kh2 Qa7 29. Kg2 Rf3 0-1

[Event "11th LCC FIDE Open 2019"]
[Site "London"]
[Date "2019.12.05"]
[Round "8.28"]
[White "Balaji, Aaravamudhan"]
[Black "Rocco, Federico"]
[Result "1-0"]
[ECO "E29"]
[WhiteElo "2080"]
[BlackElo "2207"]
[Annotator "NA"]
[PlyCount "61"]
[EventDate "2019.11.29"]
[EventType "swiss"]
[EventCountry "ENG"]
[SourceTitle "playchess.com"]
[Source "ChessBase"]
[SourceQuality "1"]
[TimeControl "40/5400+30:1800+30"]

1. d4 Nf6 2. c4 e6 3. Nc3 Bb4 4. a3 Bxc3+ 5. bxc3 c5 6. e3 O-O 7. Bd3 d6 8. Ne2 Nc6 9. e4 b6 10. Bg5 e5 11. d5 Na5 12. O-O h6 13. Bh4 Ba6 14. f4 exf4 15. Nxf4 g5 16. Nh5 Ne8 17. e5 Bxc4 18. Nf6+ Nxf6 19. exf6 Qe8 20. Re1 Qd8 21. Bxg5 Re8 22. Rxe8+ Qxe8 23. Bf4 Qc8 24. Bxc4 Nxc4 25. Qd3 Ne5 26. Bxe5 dxe5 27. Qg3+ Kf8 28. Qg7+ Ke8 29. Rd1 Kd8 30. Qxf7 Qd7 31. Qg8+ 1-0